[Event "Late-Titled-Tuesday-Blitz-August-29-2023"]
[Site "Chess.com"]
[Date "2023.08.29"]
[Round "5"]
[White "Djager97"]
[Black "Valeron87"]
[Result "0-1"]
[WhiteElo "2583"]
[BlackElo "2462"]
[TimeControl "180+1"]
[EndTime "14:54:57 PDT"]
[Termination "Valeron87 won on time"]

1. e4 c5 2. Nf3 Nc6 3. Bb5 Nf6 4. Nc3 g6 5. e5 Ng4 6. Bxc6 dxc6 7. h3 Nh6 8. g4 Bg7 9. d3 O-O 10. Qe2 b6 11. Bf4 f6 12. O-O-O Nxg4 13. hxg4 Bxg4 14. e6 b5 15. Rdg1 f5 16. Qe3 b4 17. Be5 Bxf3 18. Qxf3 Bxe5 19. Qh3 Bf4+ 20. Kb1 Kg7 21. Qxh7+ Kf6 22. Qxg6+ Ke5 23. Ne2 Rg8 24. Qh5 Rxg1+ 25.
Rxg1 Qh8 26. Qf3 Qh4 27. Re1 Bd2 28. Rd1 Bg5 29. Qxc6 Rh8 30. Qxc5+ Kf6 31. Nd4 Qf4 32.
b3 Rh2 33. Nc6 Rxf2 34. Qxe7+ Kg6 35. Qf7+ Kh6 36. Rh1+ Rh2 0-1

[Event "Late-Titled-Tuesday-Blitz-August-29-2023"]
[Site "Chess.com"]
[Date "2023.08.29"]
[Round "5"]
[White "OparinGrigoriy"]
[Black "Thjop"]
[Result "1-0"]
[WhiteElo "2969"]
[BlackElo "2699"]
[TimeControl "180+1"]
[EndTime "14:54:58 PDT"]
[Termination "OparinGrigoriy won by resignation"]

1. e4 e6 2. d4 d5 3. Nc3 Nf6 4. e5 Nfd7 5. f4 c5 6. Nf3 Nc6 7. Be3 cxd4 8. Nxd4 Qb6 9. a3 Bc5 10. Na4 Qa5+ 11. b4 Qxa4 12. bxc5 Nxc5 13. Nb5 Ne4 14.
Nc7+ Kd8 15. Nxa8 Qa5+ 16. Bd2 Qc5 17. Qe2 Nd4 18. Bb4 Nxc2+ 19. Kd1 Nxb4 20. Rc1 Qd4+ 21. Ke1 Nc6 22. g3 b6 23. Rxc6 Ba6 24. Qc2 Qe3+ 25.
Be2 Bb7 26. Rc8+ Bxc8 27. Qc7+ Ke8 28. Qxc8+ Ke7 29. Qc7+ Ke8 30. Qb8+ Ke7 31. Qxa7+ Ke8 32. Qb8+ Ke7 33. Qc7+ Ke8 34. Qc6+ Ke7 35. Qxb6 Qd2+ 36. Kf1 Qc3 37. Qc7+ Qxc7 38. Nxc7 Nd2+ 39. Kg2 Nc4 40.
Bxc4 dxc4 41. Rc1 1-0

[Event "Late-Titled-Tuesday-Blitz-August-29-2023"]
[Site "Chess.com"]
[Date "2023.08.29"]
[Round "5"]
[White "NelsonLinda"]
[Black "Grebeniuk-S"]
[Result "0-1"]
[WhiteElo "2460"]
[BlackElo "2619"]
[TimeControl "180+1"]
[EndTime "14:54:58 PDT"]
[Termination "Grebeniuk-S won by checkmate"]

1. d4 f5 2. g3 Nf6 3. Nd2 d6 4. Bg2 g6 5. e4 fxe4 6. Nxe4 Bg7 7. Nxf6+ exf6 8. Be3 O-O 9. Qd2 d5 10. O-O-O c6 11. h4 Re8 12. h5 g5 13. h6 Bf8 14.
Nf3 Bf5 15. Rdg1 Nd7 16. g4 Bg6 17. Qd1 Bd6 18. Ne1 Nf8 19. Nd3 Ne6 20. Bf1 Qc7 21.
Nc5 Nxc5 22. dxc5 Bf4 23. Rh3 Bxe3+ 24. fxe3 Qa5 25. Bd3 Qxa2 26. Qf3 Re6 27. Bxg6 hxg6 28. h7+ Kh8 29. Rgh1 Qa1+ 30. Kd2 Qxb2 31. Rh6 Qb4+ 32. Kc1 Qe4 33. Qf1 a5 34. R1h3 a4 35. Rf3 Rf8 36.
Rhh3 a3 37. Kb1 Qb4+ 38. Ka1 Qb2# 0-1

[Event "Late-Titled-Tuesday-Blitz-August-29-2023"]
[Site "Chess.com"]
[Date "2023.08.29"]
[Round "5"]
[White "grzechu96"]
[Black "Langusto"]
[Result "1-0"]
[WhiteElo "2699"]
[BlackElo "2484"]
[TimeControl "180+1"]
[EndTime "14:54:59 PDT"]
[Termination "grzechu96 won on time"]

1. e4 e5 2. Nf3 Nc6 3. Bc4 Nf6 4. d3 Be7 5. O-O O-O 6. Re1 d6 7. a4 h6 8. a5 a6 9. h3 Be6 10. Nbd2 Re8 11. Bxe6 fxe6 12. Nc4 Nh7 13. c3 Ng5 14.
Bxg5 Bxg5 15. b4 Bf6 16. Qb3 Qd7 17. b5 Ne7 18. Reb1 Ng6 19. g3 Rf8 20. Kg2 Qf7 21.
bxa6 bxa6 22. Ra2 Be7 23. Qd1 Qe8 24. Rb7 Qc6 25. Qb3 Kh7 26. Rb2 Bf6 27. Ne3 Qd7 28. Qc4 Bd8 29. h4 Qf7 30. Nh2 Bxh4 31. gxh4 Nxh4+ 32. Kf1 Qf4 33. Kg1 Qg5+ 34. Kf1 Qxe3 35. Qxc7 Qh3+ 36. Ke1 Ng2+ 37. Kd2 1-0

[Event "Late-Titled-Tuesday-Blitz-August-29-2023"]
[Site "Chess.com"]
[Date "2023.08.29"]
[Round "5"]
[White "JerMorGurgeh"]
[Black "MBA_CHESS_2021"]
[Result "0-1"]
[WhiteElo "2403"]
[BlackElo "2292"]
[TimeControl "180+1"]
[EndTime "14:54:59 PDT"]
[Termination "MBA_CHESS_2021 won on time"]

1. d4 g6 2. Nf3 Bg7 3. c4 b6 4. g3 Bb7 5. Bg2 Nf6 6. d5 O-O 7. Nc3 e6 8. O-O exd5 9. cxd5 d6 10. Nd4 Nbd7 11. Bf4 Re8 12. Rc1 a6 13. a4 h6 14. e4 g5 15. Be3 Nc5 16. Qc2 a5 17.
Nf5 Bf8 18. Bd4 Bc8 19. h3 Bxf5 20. exf5 Bg7 21. g4 Qd7 22. Rfd1 Re7 23. Nb5 Ne8 24.
Bxg7 Kxg7 25. Nd4 Nf6 26. b3 Rae8 27. Qb2 Re5 28. Rf1 Nd3 29. Qc3 Nxc1 30. Rxc1 Kg8 31. Nc6 Nxd5 32. Qd2 Nf4 33. Nxe5 Rxe5 34. Bf1 Qe7 35. Rc4 Re1 36. Rxf4 gxf4 37. Qxf4 Qe2 38. Kg2 Qxf1+ 39. Kg3 Re2 40. f6 Qg1+ 0-1

[Event "Late-Titled-Tuesday-Blitz-August-29-2023"]
[Site "Chess.com"]
[Date "2023.08.29"]
[Round "5"]
[White "Matibar"]
[Black "NigelDwarf"]
[Result "0-1"]
[WhiteElo "2828"]
[BlackElo "2559"]
[TimeControl "180+1"]
[EndTime "14:55:00 PDT"]
[Termination "NigelDwarf won by resignation"]

1. d4 Nf6 2. Nf3 c5 3. d5 b5 4. Bg5 g6 5. Nbd2 Bg7 6. e4 O-O 7. a4 b4 8. Bd3 d6 9. O-O Bg4 10. h3 Bxf3 11. Qxf3 h6 12. Bf4 Nh5 13. Be3 Bxb2 14. Bxh6 Bxa1 15. Rxa1 Nd7 16. Nc4 Re8 17. a5 Rb8 18. g4 Nhf6 19. Qg3 b3 20. c3 b2 21. Rb1 Rb3 22. Bc2 Rb8 23. Bd2 Qc7 24. h4 Ne5 25. Nxe5 dxe5 26. h5 gxh5 27. gxh5+ Kh7 28.
Qe3 Rg8+ 29. Kf1 Ng4 30. Qh3 Qb7 31. Ke2 Qa6+ 32. Bd3 c4 33. Bc2 Qxa5 34. Qf3 Qc5 35. Qxf7+ Rg7 36. Qf5+ Kg8 37. h6 Rf8 38. Qe6+ Kh7 39.
Kd1 Nxf2+ 40. Ke2 Nd3 41. Bxd3 cxd3+ 42. Kxd3 Qb5+ 43. Kc2 Qa4+ 44. Kd3 Rg3+ 45. Ke2 Qxe4+ 0-1

[Event "Late-Titled-Tuesday-Blitz-August-29-2023"]
[Site "Chess.com"]
[Date "2023.08.29"]
[Round "5"]
[White "MathiasCasalaspro"]
[Black "K2JW"]
[Result "1-0"]
[WhiteElo "2188"]
[BlackElo "2349"]
[TimeControl "180+1"]
[EndTime "14:55:02 PDT"]
[Termination "MathiasCasalaspro won on time"]

1. e4 d6 2. d4 e5 3. dxe5 dxe5 4. Qxd8+ Kxd8 5. Bc4 Ke8 6. Nc3 c6 7. Nf3 Bd6 8. Ng5 Nh6 9. Be3 f6 10. Ne6 Bxe6 11. Bxe6 Ke7 12. Bxh6 Kxe6 13. Bxg7 Rg8 14. Bh6 Rxg2 15. Be3 Nd7 16. O-O-O b5 17. Ne2 Bc5 18.
Ng3 Bxe3+ 19. fxe3 a5 20. Nf5 Nc5 21. Rd6+ Kf7 22.
Ng3 Rc8 23. Rf1 Ne6 24. Rd7+ Kg6 25. Rd6 Kf7 26. Nh5 Ke7 27. Rd2 Rxd2 28. Kxd2 Nc5 29. Ng3 Rg8 30. Ke2 a4 31. a3 Ke6 32. Rf5 Rg4 33.
Kf3 Rh4 34. Rh5 Rxh5 35. Nxh5 f5 36. Ng7+ Kf6 37. Nxf5 Ne6 38. h4 h5 39. Nd6 Ke7 40.
Nf5+ Kf6 41. Ng3 Ng7 42. b3 1-0

[Event "Late-Titled-Tuesday-Blitz-August-29-2023"]
[Site "Chess.com"]
[Date "2023.08.29"]
[Round "5"]
[White "YQPerez"]
[Black "GM_dmitrij"]
[Result "0-1"]
[WhiteElo "2895"]
[BlackElo "3066"]
[TimeControl "180+1"]
[EndTime "14:55:05 PDT"]
[Termination "GM_dmitrij won by checkmate"]

1. e4 e5 2. Nf3 Nc6 3. Nc3 Nf6 4. Bb5 Bb4 5. O-O O-O 6. Bxc6 dxc6 7. d3 Nd7 8. Ne2 Re8 9. Ng3 Nf8 10. h3 a5 11.
a4 f6 12. Nh4 Ne6 13. Ngf5 Bf8 14. Be3 c5 15. b3 Nd4 16. Nxd4 cxd4 17. Bd2 Be6 18.
g4 Qd7 19. Kh2 g6 20. Rg1 Kh8 21. Qe2 Bd6 22. Kh1 Rg8 23. Rg2 c6 24. Rgg1 Bc7 25.
Ng2 f5 26. Bg5 Raf8 27. f3 Qg7 28. Qd2 f4 29. Qf2 h6 30. Qh4 Kh7 31. Rgb1 Rf7 32. b4 Rh8 33. bxa5 Bxa5 34. Rb2 Qf8 35. Rab1 Bc8 36.
Kg1 Kg7 37. Bxf4 exf4 38. Qf2 Bc3 39. Rb3 Qc5 40. Nh4 h5 41. Kf1 Qg5 42. Ng2 hxg4 43. hxg4 Rh2 44. Kg1 Qh6 45. Rxc3 Rh1# 0-1

[Event "Late-Titled-Tuesday-Blitz-August-29-2023"]
[Site "Chess.com"]
[Date "2023.08.29"]
[Round "5"]
[White "Defenstrator"]
[Black "PawnEatingZombie"]
[Result "0-1"]
[WhiteElo "2278"]
[BlackElo "2101"]
[TimeControl "180+1"]
[EndTime "14:55:06 PDT"]
[Termination "PawnEatingZombie won by resignation"]

1. d4 Nf6 2. Kd2 d5 3. Ke1 Bf5 4. Qd2 e6 5. Qd1 c5 6. e3 Nc6 7. c3 Bd6 8. Bd3 Bxd3 9. Qxd3 O-O 10. f4 Ne4 11. Nf3 f5 12. a3 c4 13. Qc2 b5 14.
Nbd2 a5 15. Nxe4 fxe4 16. Ng5 Qe7 17. Qe2 h6 18. h4 b4 19. Qh5 bxc3 20. Qg6 hxg5 21. hxg5 Rf6 22. gxf6 Qxf6 23. Qxf6 gxf6 24. bxc3 Rb8 25. Kd2 a4 26. Kc2 Rb3 27. g4 Na7 28.
Bb2 Nb5 29. Rh6 Bxa3 30. Rb1 Bxb2 31. Rxb2 Rxc3+ 32. Kd2 Rb3 33. Ra2 a3 34. Rxf6 Rb2+ 35. Rxb2 axb2 36. Kc2 c3 37. Rxe6 Na3+ 38. Kxc3 b1=Q 39.
Rc6 Qc1+ 0-1

[Event "Late-Titled-Tuesday-Blitz-August-29-2023"]
[Site "Chess.com"]
[Date "2023.08.29"]
[Round "5"]
[White "Korchmar_Vasiliy"]
[Black "dodoucb"]
[Result "0-1"]
[WhiteElo "2673"]
[BlackElo "2456"]
[TimeControl "180+1"]
[EndTime "14:55:07 PDT"]
[Termination "dodoucb won on time"]

1. e4 c6 2. d4 d5 3. exd5 cxd5 4.
Bd3 Nf6 5. h3 Nc6 6. c3 Qc7 7.
Nf3 e5 8. dxe5 Nxe5 9. O-O Bd6 10. Nxe5 Bxe5 11. Bb5+ Bd7 12. Bxd7+ Nxd7 13. Qxd5 O-O 14.
Be3 Rad8 15. Nd2 Rfe8 16. Rfe1 b6 17. Qc4 Qb7 18. Rad1 Bb8 19. Nf3 h6 20. Bf4 b5 21. Rxe8+ Rxe8 22. Qd4 Nf6 23. Bxb8 Qxb8 24. Re1 Rd8 25. Qe5 Qb7 26. Qe7 Rd7 27. Qc5 Rd5 28. Qb4 a5 29. Qf4 b4 30. c4 Rd3 31.
Rc1 Qd7 32. Ne5 Rd1+ 33. Kh2 Qd6 34. Rxd1 Qxd1 35. c5 Qc2 36. c6 Qc5 37. Qe3 Qd6 38. f4 Nd5 39. Qd4 f6 40. Ng6 Kf7 41. c7 Qc6 0-1

[Event "Late-Titled-Tuesday-Blitz-August-29-2023"]
[Site "Chess.com"]
[Date "2023.08.29"]
[Round "5"]
[White "Bala-Afiada"]
[Black "UgarteCesar"]
[Result "0-1"]
[WhiteElo "1977"]
[BlackElo "2258"]
[TimeControl "180+1"]
[EndTime "14:55:09 PDT"]
[Termination "UgarteCesar won by resignation"]

1. d4 d5 2. c4 e6 3. Nf3 h6 4. g3 Nf6 5. Bg2 Nbd7 6. O-O Be7 7.
Nbd2 O-O 8. Qc2 b6 9. e4 dxe4 10. Nxe4 Bb7 11. Nxf6+ Nxf6 12. Rd1 Be4 13. Qe2 Qc8 14.
Ne5 Bxg2 15. Kxg2 Qb7+ 16. Qf3 Qxf3+ 17. Kxf3 Rfd8 18. Nc6 Rd7 19. Ne5 Rdd8 20. Nc6 Re8 21. Nxe7+ Rxe7 22. Bf4 c6 23. Bd6 Rd7 24. c5 bxc5 25.
dxc5 Rad8 26. Rd2 Nd5 27. a3 a5 28. Re1 Rb7 29. Ke4 f6 30. f4 Kf7 31. Ree2 Rb3 32. h4 h5 33. Rd3 Rb5 34. Kf3 Rd7 35. g4 hxg4+ 36. Kxg4 g6 37. h5 gxh5+ 38. Kg3 Rd8 39. Rh2 Rh8 40. Kf3 Kg6 41. Rg2+ Kf5 42. Rh2 a4 43. Rd4 Rb3+ 44. Ke2 Rxb2+ 45. Rd2 Rb3 46. Rd3 Rxd3 47. Kxd3 Nxf4+ 48. Kc4 Nd5 49. Rf2+ Kg6 50. Rg2+ Kf7 51. Rf2 f5 52. Rh2 h4 53. Kd4 Kf6 54.
Kd3 Kg6 55. Ke2 h3 56. Kf3 Rh4 57. Rh1 Kf6 58. Rg1 h2 59. Rh1 e5 60. Kg2 Nf4+ 61.
Kg3 Rh3+ 62. Kf2 Ke6 63. Bc7 Kd5 64. Bd6 Rxa3 65. Rxh2 Ra2+ 66. Kg3 Rxh2 67. Kxh2 a3 0-1

[Event "Late-Titled-Tuesday-Blitz-August-29-2023"]
[Site "Chess.com"]
[Date "2023.08.29"]
[Round "5"]
[White "burbur555"]
[Black "Zkid"]
[Result "1-0"]
[WhiteElo "2578"]
[BlackElo "2836"]
[TimeControl "180+1"]
[EndTime "14:55:10 PDT"]
[Termination "burbur555 won by resignation"]

1. d4 d5 2. c4 dxc4 3. Nf3 Nf6 4. e3 e6 5. Bxc4 c5 6. O-O a6 7. a4 b6 8. Nc3 Bb7 9. Qe2 Nbd7 10. Rd1 Be7 11. e4 cxd4 12. Nxd4 Bc5 13. e5 Ng8 14.
Nxe6 fxe6 15. Bxe6 Bc6 16. Bxd7+ Bxd7 17. e6 Nf6 18.
exd7+ Kf7 19. Qc4+ Kg6 20. Be3 Bxe3 21. Qd3+ Kf7 22. Qxe3 Rf8 23. Rd6 b5 24. Qe6+ Kg6 25. Nd5 h6 26. Ne7+ Kh7 27. Nc6 Qc7 28. d8=Q Rfxd8 29. Nxd8 Rxd8 30. Rxd8 Qxd8 31. axb5 axb5 32. Qf5+ Kh8 33. Qxb5 Qd4 34. Qe2 Kh7 35. Rd1 Qb4 36. h3 h5 37. b3 Qxb3 38. Qd3+ Qxd3 39. Rxd3 g5 40. Rd6 Kg6 41. Kf1 Kf5 42. Ke2 Ke5 43. Ra6 Nd5 44. Ra5 Ke4 45. Ra4+ Ke5 46. Kf3 Kf5 47.
Ra5 Ke6 48. Ke4 Nf6+ 49. Kd4 Nh7 50. g4 Kf6 51. gxh5 Nf8 52. Ra6+ Kg7 53. Ke5 Nd7+ 54. Kf5 Nc5 55. Rc6 Nd3 56. Kxg5 Nxf2 57. Rc7+ Kf8 58. h6 Nxh3+ 59. Kg6 Nf4+ 60. Kh7 Nd5 61. Rc6 Kf7 62. Rd6 Nf4 63. Rd1 Nd5 64. Rf1+ Nf6+ 65.
Rxf6+ Kxf6 1-0

[Event "Late-Titled-Tuesday-Blitz-August-29-2023"]
[Site "Chess.com"]
[Date "2023.08.29"]
[Round "5"]
[White "andriipalchuk"]
[Black "rasmussvane"]
[Result "0-1"]
[WhiteElo "2699"]
[BlackElo "2975"]
[TimeControl "180+1"]
[EndTime "14:55:14 PDT"]
[Termination "rasmussvane won by resignation"]

1. d4 d5 2. c4 e6 3. Nf3 a6 4. g3 dxc4 5. Bg2 b5 6. Ne5 c6 7. Nxc6 Qb6 8. Na5 Ra7 9. Bd2 Nf6 10. e3 Be7 11. b3 Rc7 12. bxc4 bxc4 13. Qa4+ Qb5 14. Nc3 Qxa4 15. Nxa4 O-O 16. O-O Nd5 17.
Rfc1 Bd7 18. Nc5 Bxc5 19. dxc5 Rfc8 20. Rxc4 Bb5 21. Rcc1 Rxc5 22. Rxc5 Rxc5 23. Nb3 Rc8 24. a4 Be8 25. a5 Bb5 26. Nd4 Bd3 27. Bf1 Bxf1 28. Kxf1 Kf8 29. Rb1 Nc6 30. Nb3 Rb8 31.
Ke2 Ke7 32. Kd3 Rb5 33. Kc2 Ndb4+ 34. Bxb4+ Nxb4+ 35. Kc3 Nc6 36. Ra1 Kd6 37. Ra4 e5 38.
g4 f6 39. Nd2 Kd5 40. e4+ Ke6 41. Nb3 Kd6 42. f3 g6 43. h4 Rb8 44. Nd2 Nd4 45. Nc4+ Kc5 46. Nd2 h5 47. gxh5 gxh5 48. Rc4+ Kd6 49. Rb4 Nb5+ 50. Kd3 Rg8 51. Nc4+ Kc5 52.
Rb1 Rd8+ 53. Ke3 Kxc4 0-1

[Event "Late-Titled-Tuesday-Blitz-August-29-2023"]
[Site "Chess.com"]
[Date "2023.08.29"]
[Round "5"]
[White "whiteglovethief"]
[Black "chessS1r"]
[Result "1/2-1/2"]
[WhiteElo "2450"]
[BlackElo "2588"]
[TimeControl "180+1"]
[EndTime "14:55:15 PDT"]
[Termination "Game drawn - insufficient material"]

1. d4 d5 2. c4 e6 3. Nf3 Nf6 4. g3 c5 5. cxd5 exd5 6. Bg2 Nc6 7. O-O Be7 8. dxc5 Bxc5 9. Bg5 Be6 10. Nc3 Be7 11.
Nd4 O-O 12. Qa4 Ne5 13. Nxe6 fxe6 14. Bh3 Qd6 15. Nb5 Qd7 16. Qd4 Nc6 17. Qe3 Ne4 18. Bxe7 Qxe7 19. f3 Ng5 20. Bg2 a6 21. Nd4 Qc5 22.
Qxg5 Qxd4+ 23. Kh1 Qxb2 24. Rab1 Qf6 25. Qxf6 gxf6 26. Rxb7 Rab8 27. Rc7 Rfc8 28. Rd7 Rd8 29. Rc7 Rdc8 30. Rxc8+ Rxc8 31. Rc1 Ne7 32. Rb1 Rc7 33. Rb6 Kf7 34. Kg1 Nf5 35. Bh3 Nd4 36. Rxa6 Nxe2+ 37. Kf2 Nd4 38. Ke3 e5 39. f4 Rc3+ 40. Kd2 Rf3 41.
fxe5 fxe5 42. Rh6 Kg7 43. Rh5 Kf6 44. a4 Rf2+ 45. Kc3 Rxh2 46. Rxh7 Ne2+ 47. Kb4 Nxg3 48. a5 Ra2 49. Bc8 e4 50. Rh3 Nf5 51. a6 e3 52.
Rf3 e2 53. Rxf5+ Kg6 54. Re5 d4 55. Kc4 Rc2+ 56. Kd3 Rxc8 57. Kxd4 Ra8 58. Rxe2 Rxa6 59. Kd5 Rf6 60. Re6 Rxe6 61. Kxe6 1/2-1/2

[Event "Late-Titled-Tuesday-Blitz-August-29-2023"]
[Site "Chess.com"]
[Date "2023.08.29"]
[Round "5"]
[White "kingofthenil"]
[Black "MITerryble"]
[Result "1-0"]
[WhiteElo "2678"]
[BlackElo "2903"]
[TimeControl "180+1"]
[EndTime "14:55:16 PDT"]
[Termination "kingofthenil won on time"]

1. Nf3 d5 2. e3 Nf6 3. c4 e6 4. b3 g6 5. Bb2 Bg7 6. Be2 O-O 7. O-O a5 8. Nc3 c6 9. d4 Nbd7 10. Qc2 b6 11. Rad1 Bb7 12. Ne5 Qe7 13. f4 Rfc8 14. Bf3 Nxe5 15. fxe5 Nd7 16. Qf2 a4 17. cxd5 cxd5 18.
bxa4 f6 19. exf6 Nxf6 20. Be2 Qb4 21. Rb1 Rxc3 22. Ba1 Qa3 23. Rxb6 Bc6 24. Bb2 Qxa2 25. Bxc3 Rf8 26. Ra1 Qc2 27. Rxc6 Ne4 28. Qe1 Bh6 29. Bf3 Ng5 30. Qf1 Nxf3+ 31. gxf3 Bxe3+ 32. Kh1 Bf4 33. Qg2 Qd3 34. Re1 Bxh2 35. Kxh2 Rxf3 36. Rcxe6 Rf4 37. R1e3 Rh4+ 38. Kg3 Qf5 39. Kxh4 Qf4+ 40.
Kh3 Qh6+ 41. Kg3 Qg5+ 42. Kf2 Qxe3+ 43. Kxe3 1-0

[Event "Late-Titled-Tuesday-Blitz-August-29-2023"]
[Site "Chess.com"]
[Date "2023.08.29"]
[Round "5"]
[White "ameetghasi100"]
[Black "ToddBryant"]
[Result "1-0"]
[WhiteElo "2651"]
[BlackElo "2356"]
[TimeControl "180+1"]
[EndTime "14:55:16 PDT"]
[Termination "ameetghasi100 won by checkmate"]

1. b3 e5 2. Bb2 Nc6 3. e3 d5 4. Bb5 Ne7 5. Nf3 a6 6. Bxc6+ Nxc6 7. Nxe5 Nxe5 8. Bxe5 Qg5 9. Bg3 h5 10. h4 Qg6 11. Nc3 c6 12. Ne2 Bd6 13. Bxd6 Qxd6 14. d3 Bg4 15. Qd2 O-O-O 16. f3 Bf5 17. O-O-O Qa3+ 18. Kb1 c5 19. Rhe1 Kb8 20. Qc1 Qb4 21. e4 dxe4 22.
dxe4 Be6 23. Qe3 c4 24. Qc3 Qb6 25. Qxg7 cxb3 26. axb3 Bxb3 27. Qb2 Qf2 28. cxb3 Rhg8 29. Nc3 Qxh4 30. Nd5 Qg5 31. Re2 h4 32. Red2 Rh8 33. Qd4 h3 34. f4 Qh5 35. gxh3 Qh4 36. Qe5+ Ka7 37. Qd4+ Kb8 38. Qb6 f6 39. Rd4 Ka8 40. Rb4 Rd7 41. Nc7+ Rxc7 42. Qxc7 Rb8 43. Qb6 Qxf4 44.
Qd4 Qc7 45. Rb6 Qc8 46. Rd6 Qc7 47. Rd8 Qc6 48. Qd6 Qc3 49. Qxb8# 1-0

[Event "Late-Titled-Tuesday-Blitz-August-29-2023"]
[Site "Chess.com"]
[Date "2023.08.29"]
[Round "5"]
[White "Zhigalko_Sergei"]
[Black "Ali_rastbod"]
[Result "1-0"]
[WhiteElo "2930"]
[BlackElo "2677"]
[TimeControl "180+1"]
[EndTime "14:55:17 PDT"]
[Termination "Zhigalko_Sergei won on time"]

1. e4 c6 2. d4 d5 3. e5 c5 4. Nf3 cxd4 5. Qxd4 Nc6 6. Qf4 e6 7. Bd3 Nb4 8. O-O Nxd3 9. cxd3 h6 10. Nc3 Bd7 11.
Ne2 Ne7 12. Ned4 Nc6 13. Be3 a6 14. Rac1 Be7 15. Qg3 Kf8 16. a3 Rc8 17. b4 Kg8 18.
Nb3 Kh7 19. Bc5 b6 20. Bxe7 Nxe7 21. Nbd4 Ba4 22. Qf4 Rf8 23. h4 Ng6 24. Qg4 Qd7 25. h5 Ne7 26. Qf4 Kg8 27. g4 Rxc1 28. Rxc1 Rc8 29. g5 Rxc1+ 30. Qxc1 hxg5 31. Qxg5 Kh7 32. Qf4 Nc6 33. Nxc6 Bxc6 34. h6 gxh6 35. Nh2 Qe7 36. Ng4 Qf8 37. Nf6+ Kh8 38. f3 d4 39. Kf2 Qg7 40.
Qxd4 Qg5 41. Qd8+ 1-0

[Event "Late-Titled-Tuesday-Blitz-August-29-2023"]
[Site "Chess.com"]
[Date "2023.08.29"]
[Round "5"]
[White "schachlana"]
[Black "Sajkochess"]
[Result "1/2-1/2"]
[WhiteElo "2306"]
[BlackElo "2413"]
[TimeControl "180+1"]
[EndTime "14:55:18 PDT"]
[Termination "Game drawn - insufficient material"]

1. e4 c6 2. d4 d5 3. e5 c5 4.
dxc5 Nc6 5. Nf3 Bg4 6. Bb5 Qa5+ 7. Nc3 e6 8. Be3 Ne7 9. h3 Bxf3 10. Qxf3 O-O-O 11. Bd2 Nxe5 12. Qe2 Qc7 13. O-O N7g6 14. b4 Be7 15. Ba4 a6 16. Bb3 Bf6 17. a4 Nc4 18.
Bxc4 dxc4 19. b5 Qe5 20. Ne4 Rxd2 21. Qxd2 Qxe4 22. Rab1 Nf4 23. f3 Qd4+ 24. Qf2 Qxf2+ 25. Kxf2 Bd4+ 26. Kg3 Ne2+ 27. Kh2 Be5+ 28. g3 Bxg3+ 29. Kg2 Bc7 30. c6 axb5 31. cxb7+ Kxb7 32. Rxb5+ Kc6 33. Rb4 Nf4+ 34. Kh1 Kc5 35. Rb5+ Kd4 36. Re1 Nd5 37. Re4+ Kc3 38. Rc5 Kxc2 39. Rexc4+ Kd3 40. Rxc7 Nxc7 41. Rxc7 Rf8 42. a5 Ke3 43. a6 Kxf3 44. a7 Ra8 45. Rxf7+ Kg3 46. Rxg7+ Kxh3 47. Rxh7+ Kg4 48. Rg7+ Kf5 49.
Kg2 Ke5 50. Kf2 Kd6 51. Ke3 Kc6 52. Ke4 Kb6 53. Ke5 Rxa7 54. Rxa7 Kxa7 55. Kxe6 1/2-1/2

[Event "Late-Titled-Tuesday-Blitz-August-29-2023"]
[Site "Chess.com"]
[Date "2023.08.29"]
[Round "5"]
[White "Fuzesabonyilaci"]
[Black "MYMChessAcademy"]
[Result "1-0"]
[WhiteElo "2409"]
[BlackElo "2229"]
[TimeControl "180+1"]
[EndTime "14:55:18 PDT"]
[Termination "Fuzesabonyilaci won by checkmate"]

1. d4 d5 2. Nc3 Nf6 3. Bf4 e6 4. Qd2 Bb4 5. f3 c5 6. a3 Ba5 7. O-O-O Nc6 8. e3 O-O 9. dxc5 e5 10. Bg5 d4 11. exd4 exd4 12. Qf4 Bxc3 13. Bxf6 gxf6 14. bxc3 Qa5 15. cxd4 Qxa3+ 16. Kd2 Qb4+ 17. Ke2 Qc4+ 18. Kf2 Qxc2+ 19. Rd2 Qg6 20. h4 h5 21. Bd3 f5 22.
Rh3 Qf6 23. Ne2 Rd8 24. Rg3+ Kf8 25. Bc2 Be6 26. Rg5 Ne7 27. Rxh5 Ng6 28. Qg5 Qg7 29. Qh6 Qxh6 30. Rxh6 Kg7 31. Rh5 Rh8 32. Rxh8 Rxh8 33. g3 Bd5 34. Bxf5 Ne7 35. Be4 Rd8 36. Nf4 Be6 37. Bxb7 Nd5 38. Bxd5 Bxd5 39. Nxd5 Rxd5 40. c6 Rd8 41. d5 Rc8 42. Ke3 Kf8 43. Kd4 Ke7 44.
Kc5 a5 45. d6+ Ke6 46. Re2+ Kf6 47. d7 Rd8 48. Kd6 a4 49. c7 Rxd7+ 50. Kxd7 a3 51. c8=Q Kg7 52. Qc3+ f6 53. Re7+ Kg6 54. Qd3+ f5 55.
Re6+ Kg7 56. Qxf5 a2 57. Qf6+ Kh7 58. Qg6+ Kh8 59. Re8# 1-0

[Event "Late-Titled-Tuesday-Blitz-August-29-2023"]
[Site "Chess.com"]
[Date "2023.08.29"]
[Round "5"]
[White "Chemim21"]
[Black "komogro"]
[Result "0-1"]
[WhiteElo "2294"]
[BlackElo "2472"]
[TimeControl "180+1"]
[EndTime "14:55:19 PDT"]
[Termination "komogro won on time"]

1. d4 Nf6 2. Nf3 g6 3. Bf4 Bg7 4. e3 O-O 5. h3 c5 6. Nbd2 d5 7. c3 Nc6 8. dxc5 a5 9. Bb5 Nd7 10. Nb3 a4 11. Nbd4 e5 12. Nxc6 bxc6 13. Bxc6 Rb8 14.
Bg5 Qa5 15. Be7 Re8 16. Bxd7 Bxd7 17. Bd6 Rxb2 18. O-O Bb5 19. Re1 e4 20. Nd4 Bd3 21.
Nc6 Qb5 22. Nd4 Qc4 23. a3 h5 24. h4 Ra8 25. g4 hxg4 26. Qxg4 Qxc3 27. Rac1 Qd2 28.
Bg3 Bxd4 29. exd4 e3 30. Qf3 exf2+ 31. Qxf2 Qxf2+ 32. Bxf2 Be4 33. c6 Rc8 34. c7 f5 35.
Bg3 Rb3 36. Be5 Rxa3 37. Rc6 Ra2 38. Rxg6+ Kf7 39. Rf6+ Ke7 40. Rh6 Rg8+ 41. Kf1 Bd3+ 0-1

[Event "Late-Titled-Tuesday-Blitz-August-29-2023"]
[Site "Chess.com"]
[Date "2023.08.29"]
[Round "5"]
[White "I_am_Javi"]
[Black "Andreikka"]
[Result "1-0"]
[WhiteElo "2750"]
[BlackElo "3011"]
[TimeControl "180+1"]
[EndTime "14:55:20 PDT"]
[Termination "I_am_Javi won on time"]

1. e4 c5 2. Nf3 Nc6 3. Nc3 e5 4. Bc4 Be7 5. a4 d6 6. d3 Nf6 7. h3 O-O 8. O-O Be6 9. Re1 h6 10. Nh2 d5 11. exd5 Nxd5 12. Bd2 Qd7 13. Ng4 f6 14. Ne3 Nxe3 15. Bxe3 Nd4 16. Ne4 Rac8 17. f4 f5 18. Nf2 Bh4 19. c3 Nc6 20. Bxc5 Rfe8 21. Bxe6+ Rxe6 22. fxe5 Nxe5 23. d4 b6 24. dxe5 Qxd1 25. Raxd1 Rxc5 26. Kf1 Rcxe5 27. Rxe5 Rxe5 28.
Rd7 a5 29. Rd6 Rc5 30. Rxb6 Rc4 31. Ke2 Rxa4 32. Nd3 Ra1 33. Ra6 a4 34. c4 Bf6 35.
c5 Rg1 36. Kf3 Rd1 37. Ke2 Rg1 38. c6 Rxg2+ 39. Kd1 Kf7 40. c7 Bg5 41. c8=Q 1-0

[Event "Late-Titled-Tuesday-Blitz-August-29-2023"]
[Site "Chess.com"]
[Date "2023.08.29"]
[Round "5"]
[White "Jumbo"]
[Black "FedaMaster"]
[Result "1-0"]
[WhiteElo "2944"]
[BlackElo "2671"]
[TimeControl "180+1"]
[EndTime "14:55:21 PDT"]
[Termination "Jumbo won on time"]

1. Nf3 Nf6 2. c4 g6 3. Nc3 d5 4. cxd5 Nxd5 5. h4 h6 6. Qa4+ Nc6 7. Ne5 Qd6 8. Nxc6 Qxc6 9. Qd4 Nxc3 10. bxc3 Rg8 11.
e3 Bg7 12. Qb4 a5 13. Qc4 Bd7 14. Rb1 Qxc4 15. Bxc4 b6 16. Ba3 e6 17. Ke2 O-O-O 18. d4 Bc6 19. f3 Bd5 20. Bxd5 exd5 21. h5 g5 22. g4 Bf8 23. Bc1 Bd6 24. e4 Rge8 25. Kd3 f6 26. exd5 Bg3 27. c4 Bf2 28. Rh2 Be1 29. Re2 Bb4 30. Re4 f5 31. Rxe8 Rxe8 32.
Be3 f4 33. Bf2 Kd7 34. c5 b5 35. Rb3 Re7 36. a3 Be1 37. Bg1 Bg3 38. Rb1 b4 39. axb4 a4 40. b5 a3 41. Ra1 Re1 42.
Rxe1 Bxe1 43. Kc2 Bb4 44. Kb3 Ke7 45. Bf2 1-0

[Event "Late-Titled-Tuesday-Blitz-August-29-2023"]
[Site "Chess.com"]
[Date "2023.08.29"]
[Round "5"]
[White "Roedor"]
[Black "biostatistician"]
[Result "1/2-1/2"]
[WhiteElo "2440"]
[BlackElo "2573"]
[TimeControl "180+1"]
[EndTime "14:55:21 PDT"]
[Termination "Game drawn - insufficient material"]

1. d4 Nf6 2. c4 g6 3. g3 Bg7 4. Bg2 O-O 5. Nc3 d6 6. Nf3 c6 7. O-O Qa5 8. e4 Qh5 9. Ng5 Qxd1 10. Rxd1 e5 11. Be3 Ng4 12. dxe5 Nxe3 13. fxe3 dxe5 14.
Bh3 Bh6 15. Bxc8 Rxc8 16. h4 f6 17. Ne6 Bxe3+ 18. Kg2 Na6 19. Rd7 Re8 20. Nc7 Red8 21. Rad1 Bd4 22. Rxd8+ Rxd8 23. Nxa6 bxa6 24. Ne2 Kf7 25.
Kf3 Ke6 26. b3 f5 27. g4 c5 28. gxf5+ gxf5 29. Ng3 f4 30. Nf5 Rg8 31. b4 cxb4 32.
Nxd4+ exd4 33. Rxd4 Rg3+ 34. Kxf4 Ra3 35. c5 a5 36. Rd6+ Ke7 37. Ra6 Rxa2 38. Ke5 b3 39.
Rxa7+ Kd8 40. c6 Rc2 41. Rxa5 b2 42. Rb5 Kc7 43. Rb3 Kxc6 44. Kf6 Kc5 45. e5 Kc4 46.
Rb7 Rf2+ 47. Kg7 Re2 48. Kxh7 Kc3 49. h5 Rxe5 50. h6 Re4 51. Rxb2 Kxb2 52. Kg7 Rg4+ 53. Kf8 Rh4 54. Kg7 Kc3 55. h7 Kd4 56. h8=Q Rxh8 57. Kxh8 1/2-1/2